FSL
DAYTONA TORTUGAS @ CHARLOTTE STONE CRABS
08/01/2099
 
TOP OF THE 1ST
Daytona Tortugas batting - Pitching for Charlotte Stone Crabs : RHP Eddie Melendez
Pitching: RHP Eddie Melendez
Batting: RHB Mike Arnold 0-0: Called Strike
0-1: Called Strike
0-2: Ball
1-2: Strikes out looking
Batting: RHB Brian Radford 0-0: Ball
1-0: Called Strike
1-1: Swinging Strike
1-2: Strikes out swinging
Batting: RHB David Clinkscale 0-0: Called Strike
0-1: Swinging Strike
0-2: Ball
1-2: Strikes out looking
Top of the 1st over - 0 runs, 0 hits, 0 errors, 0 left on base; Daytona 0 - Charlotte 0
BOTTOM OF THE 1ST
Charlotte Stone Crabs batting - Pitching for Daytona Tortugas : RHP Joe Pratt
Pitching: RHP Joe Pratt
Batting: RHB Alfredo Zapata 0-0: Ball
1-0: Ball
2-0: Ball
3-0: Base on Balls
Batting: LHB Joe Carter 0-0: Ball
1-0: Ball
2-0: Foul Ball, location: 7LMF
2-1: Ball
3-1: DOUBLE (Line Drive, 78XD, EV 107.5 MPH)
Alfredo Zapata to third
Runner from 3rd tries for Home, SAFE, throw by LF to home
Batting: RHB Isaiah Qualls 0-0: Ball
1-0: Swinging Strike
1-1: Fly out, F7 (Flyball, 78S, EV 89.4 MPH)
Batting: RHB Daniel Melendrez 0-0: Called Strike
0-1: Called Strike
0-2: Ball
1-2: Ball
2-2: Foul Ball, location: 2F
2-2: Ball
3-2: Base on Balls
Batting: RHB Jose Cobian 0-0: Foul Ball, location: 5F
0-1: Foul Ball, location: 9LSF
0-2: Hit by Pitch
Joe Carter to third
Daniel Melendrez to second
Batting: RHB Estaçio Barrocas 0-0: Ball
1-0: SINGLE (Groundball, 34D, EV 103.1 MPH)
Joe Carter scores
Daniel Melendrez to third
Jose Cobian to second
Runner from 3rd tries for Home, SAFE, throw by RF to home
Batting: RHB Andy Pyszka 0-0: Ball
1-0: SINGLE (Line Drive, 7S, EV 97.5 MPH)
Jose Cobian to third
Estaçio Barrocas to second
Batting: SHB Bobby Armendariz 0-0: Ball
1-0: Ball
2-0: Ball
3-0: Base on Balls
Jose Cobian scores
Estaçio Barrocas to third
Andy Pyszka to second
Batting: RHB Zach Frederick 0-0: Ball
1-0: Ball
2-0: Fly out, F7 (Line Drive, 7, EV 91.3 MPH)
Runner from 3rd tags up, SCORES, throw by LF
Batting: RHB Alfredo Zapata 0-0: Ball
1-0: Fielders Choice at 2nd, 6-4 (Groundball, 6, EV 85.6 MPH)
Bottom of the 1st over - 5 runs, 3 hits, 0 errors, 2 left on base; Daytona 0 - Charlotte 5
TOP OF THE 2ND
Daytona Tortugas batting - Pitching for Charlotte Stone Crabs : RHP Eddie Melendez
Batting: RHB Joe Mills 0-0: Ball
1-0: Foul Ball, location: 25F
1-1: Ball
2-1: Foul Ball, location: 2F
2-2: Ball
3-2: Strikes out swinging
Batting: RHB Sean Wisher 0-0: Ball
1-0: Foul Ball, location: 7LMFF
1-1: Fly out, F8 (Flyball, 8RS, EV 93.8 MPH)
Batting: RHB Rich Holland 0-0: Ball
1-0: Foul Ball, location: 7LSF
1-1: SINGLE (Line Drive, 89S, EV 85.0 MPH)
Batting: RHB Daniel Salinas 0-0: Called Strike
0-1: Foul Ball, location: 9LMF
0-2: Ball
1-2: Ground out 5-3 (Groundball, 56S, EV 69.4 MPH)
Top of the 2nd over - 0 runs, 1 hit, 0 errors, 1 left on base; Daytona 0 - Charlotte 5
BOTTOM OF THE 2ND
Charlotte Stone Crabs batting - Pitching for Daytona Tortugas : RHP Joe Pratt
Batting: LHB Joe Carter 0-0: Ball
1-0: Ground out U3 (Groundball, 3, EV 80.6 MPH)
Batting: RHB Isaiah Qualls 0-0: Ball
1-0: Foul Ball, location: 25F
1-1: Foul Ball, location: 5F
1-2: Ball
2-2: Ball
3-2: Foul Ball, location: 5DF
3-2: Fly out, F3 (Popup, 23F, EV 78.8 MPH)
Batting: RHB Daniel Melendrez 0-0: Ground out 1-3 (Groundball, 15S, EV 61.3 MPH)
Bottom of the 2nd over - 0 runs, 0 hits, 0 errors, 0 left on base; Daytona 0 - Charlotte 5
TOP OF THE 3RD
Daytona Tortugas batting - Pitching for Charlotte Stone Crabs : RHP Eddie Melendez
Batting: RHB Bill Blakeney 0-0: Called Strike
0-1: Called Strike
0-2: Foul Ball, location: 9LSFF
0-2: Foul Ball, location: 9LSF
0-2: Foul Ball, location: 25F
0-2: DOUBLE (Line Drive, 7LD, EV 102.5 MPH)
Batting: RHB Tim Doucet 0-0: Ground out 6-3 (Groundball, 6, EV 90.6 MPH)
Batting: RHB Mike Arnold 0-0: Ball
1-0: Ball
2-0: SINGLE (Line Drive, 8LS, EV 106.3 MPH)
Bill Blakeney to third
Batting: RHB Brian Radford 0-0: Ball
Mike Arnold steals 2nd base
1-0: Ball
2-0: 3-RUN HOME RUN (Line Drive, 78XD, EV 108.8 MPH), Distance : 444 ft
Batting: RHB David Clinkscale 0-0: Called Strike
0-1: Ground out 5-3 (Groundball, 56S, EV 88.1 MPH)
Batting: RHB Joe Mills 0-0: Called Strike
0-1: DOUBLE (Line Drive, 78XD, EV 110.0 MPH)
Batting: RHB Sean Wisher 0-0: Fly out, F8 (Flyball, 8RD, EV 88.8 MPH)
Top of the 3rd over - 3 runs, 4 hits, 0 errors, 1 left on base; Daytona 3 - Charlotte 5
BOTTOM OF THE 3RD
Charlotte Stone Crabs batting - Pitching for Daytona Tortugas : RHP Joe Pratt
Batting: RHB Jose Cobian 0-0: Ball
1-0: Called Strike
1-1: Ball
2-1: Foul Ball, location: 9LDF
2-2: Ball
3-2: Strikes out swinging
Batting: RHB Estaçio Barrocas 0-0: Called Strike
0-1: Ball
1-1: Ball
2-1: Ball
3-1: Swinging Strike
3-2: Strikes out swinging
Batting: RHB Andy Pyszka 0-0: Ball
1-0: Ball
2-0: Ball
3-0: Base on Balls
Pitching: RHP Jose Riojas
Batting: SHB Bobby Armendariz 0-0: Foul Ball, location: 25F
0-1: Ball
1-1: Ball
2-1: Fly out, F8 (Flyball, 8LM, EV 86.9 MPH)
Bottom of the 3rd over - 0 runs, 0 hits, 0 errors, 1 left on base; Daytona 3 - Charlotte 5
TOP OF THE 4TH
Daytona Tortugas batting - Pitching for Charlotte Stone Crabs : RHP Eddie Melendez
Batting: RHB Rich Holland 0-0: Ball
1-0: Called Strike
1-1: Foul Ball, location: 2F
1-2: Strikes out swinging
Batting: RHB Daniel Salinas 0-0: Ball
1-0: Swinging Strike
1-1: SINGLE (Line Drive, 9S, EV 85.6 MPH)
Batting: RHB Bill Blakeney 0-0: DOUBLE (Line Drive, 3D, EV 98.8 MPH)
Daniel Salinas to third
Batting: RHB Tim Doucet 0-0: Ball
1-0: Ball
2-0: Foul Ball, location: 2F
2-1: DOUBLE (Flyball, 89XD, EV 112.5 MPH)
Daniel Salinas scores
Bill Blakeney scores
Batting: RHB Mike Arnold 0-0: Ball
1-0: Ball
2-0: Ball
3-0: Called Strike
3-1: Ground out 5-3 (Groundball, 56S, EV 86.3 MPH)
Tim Doucet to third
Batting: RHB Brian Radford 0-0: Ball
1-0: Foul Ball, location: 2F
1-1: Called Strike
1-2: Ball
2-2: Ball
3-2: Fly out, F8 (Flyball, 8RD, EV 91.9 MPH)
Top of the 4th over - 2 runs, 3 hits, 0 errors, 1 left on base; Daytona 5 - Charlotte 5
BOTTOM OF THE 4TH
Charlotte Stone Crabs batting - Pitching for Daytona Tortugas : RHP Jose Riojas
Batting: RHB Zach Frederick 0-0: Foul Ball, location: 2F
0-1: Ball
1-1: Called Strike
1-2: Ball
2-2: Foul Ball, location: 5SF
2-2: Fly out, F8 (Line Drive, 8RD, EV 108.1 MPH)
Batting: RHB Alfredo Zapata 0-0: Ball
1-0: Ball
2-0: Called Strike
2-1: SINGLE (Line Drive, 7S, EV 99.4 MPH)
Batting: LHB Joe Carter 0-0: Ball
1-0: Called Strike
Alfredo Zapata is caught stealing 2nd base 2-6
1-1: Ball
2-1: Ball
3-1: Base on Balls
Batting: RHB Isaiah Qualls 0-0: Foul Ball, location: 2RF
0-1: Fly out, F8 (Flyball, 78D, EV 90.6 MPH)
Bottom of the 4th over - 0 runs, 1 hit, 0 errors, 1 left on base; Daytona 5 - Charlotte 5
TOP OF THE 5TH
Daytona Tortugas batting - Pitching for Charlotte Stone Crabs : RHP Eddie Melendez
Batting: RHB David Clinkscale 0-0: Ball
1-0: Ball
2-0: Called Strike
2-1: Ball
3-1: Foul Ball, location: 2F
3-2: Strikes out swinging
Batting: RHB Joe Mills 0-0: Ball
1-0: Ball
2-0: Called Strike
2-1: Foul Ball, location: 3DF
2-2: Strikes out swinging
Batting: RHB Sean Wisher 0-0: SINGLE (Groundball, 56S, EV 71.9 MPH) (infield hit)
Batting: RHB Rich Holland 0-0: Ball
1-0: Foul Ball, location: 2LF
1-1: Fielders Choice at 2nd, U6 (Groundball, 6M, EV 86.9 MPH)
Top of the 5th over - 0 runs, 1 hit, 0 errors, 1 left on base; Daytona 5 - Charlotte 5
BOTTOM OF THE 5TH
Charlotte Stone Crabs batting - Pitching for Daytona Tortugas : RHP Jose Riojas
Batting: RHB Daniel Melendrez 0-0: Called Strike
0-1: Ball
1-1: Ball
2-1: Fly out, F5 (Popup, 5SF, EV 74.4 MPH)
Batting: RHB Jose Cobian 0-0: Ground out U3 (Groundball, 34, EV 79.4 MPH)
Batting: RHB Estaçio Barrocas 0-0: Ball
1-0: Ground out 4-3 (Groundball, 4, EV 101.9 MPH)
Bottom of the 5th over - 0 runs, 0 hits, 0 errors, 0 left on base; Daytona 5 - Charlotte 5
TOP OF THE 6TH
Daytona Tortugas batting - Pitching for Charlotte Stone Crabs : RHP Eddie Melendez
Batting: RHB Daniel Salinas 0-0: Called Strike
0-1: Ball
1-1: Swinging Strike
1-2: Foul Ball, location: 2F
1-2: Fly out, F3 (Popup, 34, EV 66.3 MPH)
Batting: RHB Bill Blakeney 0-0: Ball
1-0: Foul Ball, location: 2LF
1-1: Foul Ball, location: 9LSFF
1-2: Ball
2-2: Foul Ball, location: 2LF
2-2: Fly out, F8 (Flyball, 8RXD, EV 106.9 MPH)
Batting: RHB Tim Doucet 0-0: Called Strike
0-1: Foul Ball, location: 3FF
0-2: Ball
1-2: Strikes out swinging
Top of the 6th over - 0 runs, 0 hits, 0 errors, 0 left on base; Daytona 5 - Charlotte 5
BOTTOM OF THE 6TH
Charlotte Stone Crabs batting - Pitching for Daytona Tortugas : RHP Jose Riojas
Batting: RHB Andy Pyszka 0-0: Called Strike
0-1: Hit by Pitch
Batting: SHB Bobby Armendariz 0-0: Swinging Strike
0-1: Grounds into double play, 6-4-3 (Groundball, 6, EV 98.1 MPH)
Pinch Hitting: RHB Jeff Rock 0-0: DOUBLE (Line Drive, 9LS, EV 95.6 MPH) - OUT at third base trying to stretch hit.
Bottom of the 6th over - 0 runs, 1 hit, 0 errors, 0 left on base; Daytona 5 - Charlotte 5
TOP OF THE 7TH
Daytona Tortugas batting - Pitching for Charlotte Stone Crabs : RHP Eddie Melendez
Pitching: RHP Yukio Ito
Now at 2B: Jeff Rock
Batting: RHB Mike Arnold 0-0: Ball
1-0: Swinging Strike
1-1: Ball
2-1: Ground out 6-3 (Groundball, 6, EV 106.9 MPH)
Batting: RHB Brian Radford 0-0: Foul Ball, location: 9LDF
0-1: Foul Ball, location: 9LSF
0-2: Ball
1-2: Ball
2-2: Strikes out swinging
Batting: RHB David Clinkscale 0-0: Called Strike
0-1: Foul Ball, location: 7LMFF
0-2: Foul Ball, location: 3F
0-2: Ball
1-2: Strikes out swinging
Top of the 7th over - 0 runs, 0 hits, 0 errors, 0 left on base; Daytona 5 - Charlotte 5
BOTTOM OF THE 7TH
Charlotte Stone Crabs batting - Pitching for Daytona Tortugas : RHP Jose Riojas
Batting: RHB Alfredo Zapata 0-0: Swinging Strike
0-1: Foul Ball, location: 2F
0-2: Strikes out swinging
Batting: LHB Joe Carter 0-0: Ground out U3 (Groundball, 3, EV 60.0 MPH)
Batting: RHB Isaiah Qualls 0-0: Foul Ball, location: 2F
0-1: DOUBLE (Line Drive, 9LS, EV 95.6 MPH)
Pitching: RHP Nestor Fuentes
Batting: RHB Daniel Melendrez 0-0: Ball
1-0: Ball
2-0: Ball
3-0: Base on Balls
Batting: LHB Ivan Santana 0-0: Called Strike
0-1: Ball
1-1: Foul Ball, location: 5F
1-2: Foul Ball, location: 2RF
1-2: Ball
2-2: Foul Ball, location: 9LSFF
2-2: Fly out, F6 (Popup, 56D, EV 61.9 MPH)
Bottom of the 7th over - 0 runs, 1 hit, 0 errors, 2 left on base; Daytona 5 - Charlotte 5
TOP OF THE 8TH
Daytona Tortugas batting - Pitching for Charlotte Stone Crabs : RHP Yukio Ito
Pitching: RHP Josh Carr
Batting: SHB Julio Sanchez 0-0: Swinging Strike
0-1: Called Strike
0-2: Strikes out looking
Batting: RHB Sean Wisher 0-0: Ball
1-0: Foul Ball, location: 7LSF
1-1: Ball
2-1: Swinging Strike
2-2: Fly out, F2 (Popup, 3SF, EV 88.8 MPH)
Batting: RHB Rich Holland 0-0: Ball
1-0: SINGLE (Line Drive, 9S, EV 95.0 MPH)
Batting: RHB Daniel Salinas 0-0: Ball
1-0: Ball
2-0: Called Strike
2-1: Called Strike
2-2: Foul Ball, location: 7LMFF
2-2: Foul Ball, location: 3SF
2-2: Hit by Pitch
Rich Holland to second
Batting: RHB Bill Blakeney 0-0: Ball
1-0: Fly out, F9 (Line Drive, 9, EV 103.8 MPH)
Top of the 8th over - 0 runs, 1 hit, 0 errors, 2 left on base; Daytona 5 - Charlotte 5
BOTTOM OF THE 8TH
Charlotte Stone Crabs batting - Pitching for Daytona Tortugas : RHP Nestor Fuentes
Batting: RHB Estaçio Barrocas 0-0: Ball
1-0: Ball
2-0: Called Strike
2-1: Ball
3-1: Foul Ball, location: 2F
3-2: Foul Ball, location: 9LSF
3-2: Base on Balls
Batting: RHB Andy Pyszka 0-0: Called Strike
0-1: Ball
1-1: Foul Ball, location: 23FF
1-2: Ball
2-2: Foul Ball, location: 9LSF
2-2: SINGLE (Line Drive, 9LS, EV 106.3 MPH)
Estaçio Barrocas to second
Batting: SHB Bobby Armendariz 0-0: Called Strike
0-1: Called Strike
0-2: Ball
1-2: Strikes out swinging
Batting: RHB Jeff Rock 0-0: Ball
1-0: Called Strike
1-1: Ball
2-1: Swinging Strike
2-2: Foul Ball, location: 3SF
2-2: Ball
3-2: Foul Ball, location: 9LDF
3-2: Foul Ball, location: 2RF
3-2: Foul Ball, location: 2F
3-2: Foul Ball, location: 9LDF
3-2: Strikes out looking
Batting: RHB Alfredo Zapata 0-0: Swinging Strike
0-1: Swinging Strike
0-2: Ground out 4-3 (Groundball, 4, EV 101.3 MPH)
Bottom of the 8th over - 0 runs, 1 hit, 0 errors, 2 left on base; Daytona 5 - Charlotte 5
TOP OF THE 9TH
Daytona Tortugas batting - Pitching for Charlotte Stone Crabs : RHP Josh Carr
Batting: RHB Tim Doucet 0-0: Ball
1-0: Ball
2-0: Ball
3-0: Called Strike
3-1: Base on Balls
Batting: RHB Mike Arnold 0-0: Called Strike
0-1: Foul Ball, location: 9LMF
0-2: SINGLE (Groundball, 56D, EV 100.6 MPH)
Tim Doucet to second
Batting: RHB Brian Radford 0-0: Swinging Strike
0-1: Foul Ball, location: 5F
0-2: DOUBLE (Flyball, 8LXD, EV 96.9 MPH)
Tim Doucet scores
Mike Arnold to third
Batting: RHB David Clinkscale 0-0: Called Strike
0-1: Foul Ball, location: 2F
0-2: Ball
1-2: Foul Ball, location: 5F
1-2: Ball
2-2: Foul Ball, location: 9LDF
2-2: Strikes out swinging
Batting: SHB Julio Sanchez 0-0: Intentional Walk
Batting: RHB Sean Wisher 0-0: Ball
1-0: Swinging Strike
1-1: Ball
2-1: Ball
3-1: Called Strike
3-2: Foul Ball, location: 9LSF
3-2: Strikes out swinging
Pitching: RHP Willie Portugal
Batting: RHB Rich Holland 0-0: Ball
1-0: Ball
2-0: Called Strike
2-1: Ball
3-1: Base on Balls
Mike Arnold scores
Brian Radford to third
Julio Sanchez to second
Batting: RHB Daniel Salinas 0-0: Foul Ball, location: 9LSF
0-1: Fly out, F2 (Popup, 25F, EV 81.3 MPH)
Top of the 9th over - 2 runs, 2 hits, 0 errors, 3 left on base; Daytona 7 - Charlotte 5
BOTTOM OF THE 9TH
Charlotte Stone Crabs batting - Pitching for Daytona Tortugas : RHP Nestor Fuentes
Batting: LHB Joe Carter 0-0: Called Strike
0-1: Swinging Strike
0-2: Ball
1-2: Strikes out looking
Batting: RHB Isaiah Qualls 0-0: Ball
1-0: Called Strike
1-1: Called Strike
1-2: SOLO HOME RUN (Flyball, 7D, EV 99.4 MPH), Distance : 393 ft
Batting: RHB Daniel Melendrez 0-0: Fly out, F8 (Flyball, 8RS, EV 85.6 MPH)
Pitching: LHP Ruben Guzman
Batting: RHB Chad Morris 0-0: Ball
1-0: Ball
2-0: Called Strike
2-1: Ball
3-1: Base on Balls
Batting: RHB Estaçio Barrocas 0-0: Ball
1-0: Ball
2-0: Called Strike
2-1: Foul Ball, location: 5SF
2-2: Foul Ball, location: 5DF
2-2: Ball
3-2: Base on Balls
Chad Morris to second
Batting: RHB Andy Pyszka 0-0: Called Strike
0-1: Fly out, F9 (Flyball, 9D, EV 97.5 MPH)
Bottom of the 9th over - 1 run, 1 hit, 0 errors, 2 left on base; Daytona 7 - Charlotte 6
Monday, May 13th , 2024 - OOTP Baseball 24.11 Build 85